Lightning vs Coyotes

Created - April 23, 2020 at 19:25

Goals
1 2 3 T
Lightning 0 1 0 1
Coyotes 0 0 3 3
Shots
1 2 3 T
Lightning 13 3 6 22
Coyotes 12 4 8 24

1st period

No Goal

Penalties :
No Penalty

2nd period

1. Lightning , Daniel Carcillo 17 (Tyler Johnson 49) at 18:05 (SH)

Penalties :
Mikael Backlund (TB.) for Roughing (Minor) at 3:00, Patrick Kaleta (TB.) for Slashing (Minor) at 17:29

3rd period

2. Coyotes , Nazem Kadri 10 (Marian Gaborik 34) at 3:56 (PP)
3. Coyotes , Evgeny Artyukhin 14 (Jamie Arniel 23, Eric Tangradi 2) at 6:07
4. Coyotes , Brad Richards 20 (Eric Tangradi 3) at 19:07 (Empty Net)

Penalties :
Daniel Carcillo (TB.) for Holding (Minor) at 3:54, Zach Parise (Ari) for Roughing (Minor) at 10:03

Goalie Stats

Philipp Grubauer (TB.), 21 saves from 23 shots - (0.913), L, 33-19-6, 59:44 minutes
Maxime Daigneault (Ari), 21 saves from 22 shots - (0.955), W, 32-18-3, 60:00 minutes

Players Stats for Lightning

Player Name              G  A  P  +/- PIM S  H  SB GA TA FO     MP     PP MP  PK MP  
------------------------------------------------------------------------------------
Alex Goligoski           0  0  0   0  0   0  2  0  1  0  0/0    22:01   1:05   2:49 
Ben Lovejoy              0  0  0   0  0   2  0  2  0  1  0/0    19:25   0:00   1:11 
Daniel Carcillo          1  0  1   1  2   5  0  0  0  0  0/0    17:45   0:55   1:35 
Darren Helm              0  0  0   0  0   0  2  0  0  0  0/0     9:57   0:00   0:34 
Henrik Zetterberg        0  0  0  -2  0   1  5  1  2  1  1/1    20:13   1:04   1:40 
Jaden Schwartz           0  0  0   0  0   2  2  1  2  0  1/1    12:41   0:00   0:48 
Jean-Gabriel Pageau      0  0  0   0  0   2  3  0  0  0  7/11   17:02   0:55   0:51 
Jon Merrill              0  0  0   0  0   0  2  1  1  0  0/0    18:59   0:00   2:49 
Joni Pitkanen            0  0  0   0  0   0  1  0  1  1  0/0    22:18   1:05   1:11 
Justin Schultz           0  0  0   0  0   2  0  1  0  0  0/0    18:37   0:54   0:00 
Kris Versteeg            0  0  0  -2  0   2  4  0  0  0  3/5    20:18   1:04   1:45 
Mark Scheifele           0  0  0   0  0   2  0  0  0  0  5/6    12:06   0:00   0:13 
Mikael Backlund          0  0  0   0  2   1  1  1  3  0  1/3     9:22   0:00   0:00 
Patrick Kaleta           0  0  0   0  2   0  1  0  1  0  0/0    16:32   0:55   0:00 
Rasmus Ristolainen       0  0  0  -2  0   0  1  0  2  0  0/0    18:40   0:54   0:00 
Reilly Smith             0  0  0   0  0   0  1  1  0  0  0/0    11:53   0:00   0:00 
Scottie Upshall          0  0  0   0  0   1  0  0  0  0  0/0     9:23   0:00   0:00 
Tyler Johnson            0  1  1  -1  0   2  0  0  0  0  8/18   18:45   1:04   0:34 

Players Stats for Coyotes

Player Name              G  A  P  +/- PIM S  H  SB GA TA FO     MP     PP MP  PK MP  
------------------------------------------------------------------------------------
Andrew MacDonald         0  0  0   0  0   0  0  1  0  1  0/0     6:09   0:00   1:01 
Anton Stralman           0  0  0   1  0   0  0  1  0  3  0/0    19:15   0:00   0:58 
Brad Richards            1  0  1   0  0   3  1  1  0  0  4/12   19:03   1:41   0:37 
Chris Stewart            0  0  0  -1  0   2  1  1  0  0  0/0    18:40   1:41   0:00 
Eric Tangradi            0  2  2   2  0   1  3  0  0  2  1/2    14:29   0:00   0:37 
Evgeny Artyukhin         1  0  1   1  0   1  1  0  1  0  0/0    14:39   0:00   0:35 
Jamie Arniel             0  1  1   2  0   2  2  0  0  2  2/4    15:24   0:01   1:02 
Josh Gorges              0  0  0   0  0   2  1  1  0  1  0/0    18:29   0:00   0:58 
Kristopher Letang        0  0  0   0  0   0  2  0  0  1  0/0    24:57   2:43   0:00 
Marian Gaborik           0  1  1   0  0   1  5  0  0  0  2/3    22:34   2:18   0:00 
Matt Donovan             0  0  0   1  0   1  2  2  0  1  0/0    14:53   1:17   0:00 
Michael Del Zotto        0  0  0  -1  0   3  0  0  0  0  0/0    20:02   2:43   0:00 
Nazem Kadri              1  0  1   0  0   2  0  0  1  1  9/21   19:45   2:19   0:00 
Nick Bonino              0  0  0   0  0   0  0  0  0  0  1/1     7:42   0:00   0:00 
Ramzi Abid               0  0  0   0  0   0  0  0  0  1  0/1     8:28   0:00   1:00 
Thomas Hickey            0  0  0   1  0   1  0  0  0  0  0/0    16:03   1:17   1:01 
Tyler Ennis              0  0  0   0  0   3  1  0  1  0  0/1    19:03   2:19   0:07 
Zach Parise              0  0  0  -1  2   2  1  0  0  0  0/0    18:25   1:41   0:00 

3 Stars

1 - Eric Tangradi (Ari)
2 - Evgeny Artyukhin (Ari)
3 - Jamie Arniel (Ari)

Power Play

Lightning - 0 on 1 Attempt(s) - 0.00%
Coyotes - 1 on 3 Attempt(s) - 33.33%

Penalty Kill

Lightning - 2 on 3 Attempt(s) - 66.67% - Score 1 goal in Penalty Kill
Coyotes - 1 on 1 Attempt(s) - 100.00% - Score 0 goal in Penalty Kill

Team Stat

Lightning - Hits : 25 - Faceoff Wins : 26 - Blocked Shots : 8 - Penalty Minutes : 6
Coyotes - Hits : 20 - Faceoff Wins : 19 - Blocked Shots : 7 - Penalty Minutes : 2

Official

Referees : Unknown
Linesman : Unknown

Game Notes

Brad Richards has scored in a empty net!

Finance

Level 1 -- Attendance: 5551 (92.52%) -- Ticket Income $582,855
Level 2 -- Attendance: 4564 (91.28%) -- Ticket Income $296,660
Level 3 -- Attendance: 2000 (100.00%) -- Ticket Income $80,000
Level 4 -- Attendance: 3117 (77.93%) -- Ticket Income $93,510
Luxury Box -- Attendance: 1000 (100.00%) -- Ticket Income $180,000
Game was played at the The Pack Center.
Total Attendance: 16232 (90.18%)
Total Ticket Income: $1,233,025
Other Income: $184,954
Total Income: $1,417,979

Lightning

5 vs 5 Forward 
   Center                   Left Wing                Right Wing               Time % Phy DF OF 
 1 Tyler Johnson            Henrik Zetterberg        Kris Versteeg            40     1   2  2  
 2 Jean-Gabriel Pageau      Daniel Carcillo          Patrick Kaleta           30     1   2  2  
 3 Mark Scheifele           Jaden Schwartz           Reilly Smith             20     1   2  2  
 4 Mikael Backlund          Darren Helm              Scottie Upshall          10     1   2  2  

5 vs 5 Defense 
   Defense                  Defense                                           Time % Phy DF OF 
 1 Alex Goligoski           Joni Pitkanen                                     35     1   2  2  
 2 Ben Lovejoy              Justin Schultz                                    30     1   2  2  
 3 Jon Merrill              Rasmus Ristolainen                                30     1   2  2  
 4 Rasmus Ristolainen       Joni Pitkanen                                     5      1   2  2  

PowerPlay Forward 
   Center                   Left Wing                Right Wing               Time % Phy DF OF 
 1 Tyler Johnson            Henrik Zetterberg        Kris Versteeg            60     1   2  2  
 2 Jean-Gabriel Pageau      Daniel Carcillo          Patrick Kaleta           40     1   2  2  

PowerPlay Defense
   Defense                  Defense                                           Time % Phy DF OF 
 1 Alex Goligoski           Joni Pitkanen                                     60     1   2  2  
 2 Justin Schultz           Rasmus Ristolainen                                40     1   2  2  

Penalty Kill 4 Players Forward 
   Center                   Wing                     Time % Phy DF OF 
 1 Kris Versteeg            Henrik Zetterberg        60     1   2  2  
 2 Tyler Johnson            Daniel Carcillo          40     1   2  2  

Penalty Kill 4 Players Defense
   Defense                  Defense                  Time % Phy DF OF 
 1 Alex Goligoski           Jon Merrill              60     1   2  2  
 2 Ben Lovejoy              Joni Pitkanen            40     1   2  2  

Penalty Kill - 3 Players Forward 
   Forward                                           Time % Phy DF OF 
 1 Kris Versteeg                                     60     1   2  2  
 2 Henrik Zetterberg                                 40     1   2  2  

Penalty Kill - 3 Players Defense
   Defense                  Defense                  Time % Phy DF OF 
 1 Alex Goligoski           Jon Merrill              60     1   2  2  
 2 Justin Schultz           Joni Pitkanen            40     1   2  2  

4 vs 4 Forward 
   Center                   Wing                     Time % Phy DF OF 
 1 Kris Versteeg            Henrik Zetterberg        60     1   2  2  
 2 Tyler Johnson            Daniel Carcillo          40     1   2  2  

4 vs 4 Defense
   Defense                  Defense                  Time % Phy DF OF 
 1 Alex Goligoski           Joni Pitkanen            60     1   2  2  
 2 Ben Lovejoy              Justin Schultz           40     1   2  2  

Last Minutes Offensive
   Center                   Left Wing                Right Wing               Defense                  Defense                  
   Tyler Johnson            Henrik Zetterberg        Kris Versteeg            Alex Goligoski           Rasmus Ristolainen       

Last Minutes Defensive
   Center                   Left Wing                Right Wing               Defense                  Defense                  
   Tyler Johnson            Henrik Zetterberg        Kris Versteeg            Alex Goligoski           Jon Merrill              

Goaltenders
Starting : Philipp Grubauer         
Backup : Jhonas Enroth            

Extra Forwards
Normal : Mark Scheifele, Reilly Smith, Jaden Schwartz - PP : Mark Scheifele, Reilly Smith - PK : Jaden Schwartz
Extra Defensemen
Normal : Jon Merrill, Rasmus Ristolainen, Alex Goligoski - PP : Jon Merrill - PK : Ben Lovejoy, Rasmus Ristolainen
Penalty Shots
Kris Versteeg, Henrik Zetterberg, Tyler Johnson, Daniel Carcillo, Jean-Gabriel Pageau

Scratches
Brendan Bell (Healthy), Jesper Fast (Healthy)

Coyotes

5 vs 5 Forward 
   Center                   Left Wing                Right Wing               Time % Phy DF OF 
 1 Nazem Kadri              Tyler Ennis              Marian Gaborik           40     0   2  3  
 2 Brad Richards            Zach Parise              Chris Stewart            30     0   2  3  
 3 Jamie Arniel             Eric Tangradi            Evgeny Artyukhin         20     0   2  3  
 4 Nick Bonino              Ramzi Abid               Marian Gaborik           10     0   2  3  

5 vs 5 Defense 
   Defense                  Defense                                           Time % Phy DF OF 
 1 Kristopher Letang        Anton Stralman                                    40     0   3  2  
 2 Josh Gorges              Michael Del Zotto                                 30     0   3  2  
 3 Matt Donovan             Thomas Hickey                                     20     0   3  2  
 4 Andrew MacDonald         Kristopher Letang                                 10     0   3  2  

PowerPlay Forward 
   Center                   Left Wing                Right Wing               Time % Phy DF OF 
 1 Nazem Kadri              Tyler Ennis              Marian Gaborik           60     0   1  4  
 2 Brad Richards            Zach Parise              Chris Stewart            40     0   1  4  

PowerPlay Defense
   Defense                  Defense                                           Time % Phy DF OF 
 1 Kristopher Letang        Michael Del Zotto                                 60     0   2  3  
 2 Thomas Hickey            Matt Donovan                                      40     0   2  3  

Penalty Kill 4 Players Forward 
   Center                   Wing                     Time % Phy DF OF 
 1 Jamie Arniel             Ramzi Abid               60     0   3  2  
 2 Brad Richards            Zach Parise              40     0   3  2  

Penalty Kill 4 Players Defense
   Defense                  Defense                  Time % Phy DF OF 
 1 Josh Gorges              Anton Stralman           60     1   4  0  
 2 Andrew MacDonald         Thomas Hickey            40     1   4  0  

Penalty Kill - 3 Players Forward 
   Forward                                           Time % Phy DF OF 
 1 Tyler Ennis                                       60     0   4  1  
 2 Brad Richards                                     40     0   4  1  

Penalty Kill - 3 Players Defense
   Defense                  Defense                  Time % Phy DF OF 
 1 Kristopher Letang        Anton Stralman           60     1   2  0  
 2 Josh Gorges              Andrew MacDonald         40     1   4  0  

4 vs 4 Forward 
   Center                   Wing                     Time % Phy DF OF 
 1 Tyler Ennis              Marian Gaborik           60     0   2  3  
 2 Zach Parise              Nazem Kadri              40     0   2  3  

4 vs 4 Defense
   Defense                  Defense                  Time % Phy DF OF 
 1 Kristopher Letang        Anton Stralman           60     0   3  2  
 2 Josh Gorges              Michael Del Zotto        40     0   3  2  

Last Minutes Offensive
   Center                   Left Wing                Right Wing               Defense                  Defense                  
   Nazem Kadri              Tyler Ennis              Marian Gaborik           Kristopher Letang        Anton Stralman           

Last Minutes Defensive
   Center                   Left Wing                Right Wing               Defense                  Defense                  
   Brad Richards            Tyler Ennis              Marian Gaborik           Josh Gorges              Anton Stralman           

Goaltenders
Starting : Maxime Daigneault        
Backup : Thomas McCollum          

Extra Forwards
Normal : Jamie Arniel, Eric Tangradi, Evgeny Artyukhin - PP : Jamie Arniel, Evgeny Artyukhin - PK : Evgeny Artyukhin
Extra Defensemen
Normal : Andrew MacDonald, Thomas Hickey, Matt Donovan - PP : Josh Gorges - PK : Thomas Hickey, Kristopher Letang
Penalty Shots
Tyler Ennis, Marian Gaborik, Zach Parise, Nazem Kadri, Brad Richards

Scratches
Martin Samuelsson (Healthy), Mike Weber (Healthy)

% Time on Ice - Lightning

Lines # - Real PCT - Wanted PCT - Time Play
Normal Forward
1 - 32% - 40% - 17:23
2 - 28% - 30% - 15:16
3 - 22% - 20% - 11:53
4 - 17% - 10% - 9:23
Normal Defense
1 - 33% - 35% - 18:01
2 - 34% - 30% - 18:14
3 - 30% - 30% - 16:10
4 - 3% - 5% - 1:30
PP Forward
1 - 54% - 60% - 1:04
2 - 46% - 40% - 0:55
PP Defense
1 - 55% - 60% - 1:05
2 - 45% - 40% - 0:54
PK Forward
1 - 86% - 60% - 3:26
2 - 14% - 40% - 0:34
PK Defense
1 - 70% - 60% - 2:49
2 - 30% - 40% - 1:11
PK3 Forward
1 - 0% - 60%
2 - 0% - 40%
PK3 Defense
1 - 0% - 60%
2 - 0% - 40%
44 Forward
1 - 0% - 60%
2 - 0% - 40%
44 Defense
1 - 0% - 60%
2 - 0% - 40%
Last Minute Offensive  - 0:06
Last Minute Defensive  - 0:00
Total
Forward - 60:00
Defense - 60:00

% Time on Ice - Coyotes

Lines # - Real PCT - Wanted PCT - Time Play
Normal Forward
1 - 31% - 40% - 16:39
2 - 31% - 30% - 16:57
3 - 24% - 20% - 12:50
4 - 14% - 10% - 7:28
Normal Defense
1 - 33% - 40% - 17:58
2 - 33% - 30% - 18:03
3 - 24% - 20% - 12:45
4 - 10% - 10% - 5:08
PP Forward
1 - 58% - 60% - 2:19
2 - 42% - 40% - 1:41
PP Defense
1 - 68% - 60% - 2:43
2 - 32% - 40% - 1:17
PK Forward
1 - 87% - 60% - 1:44
2 - 13% - 40% - 0:15
PK Defense
1 - 49% - 60% - 0:58
2 - 51% - 40% - 1:01
PK3 Forward
1 - 0% - 60%
2 - 0% - 40%
PK3 Defense
1 - 0% - 60%
2 - 0% - 40%
44 Forward
1 - 0% - 60%
2 - 0% - 40%
44 Defense
1 - 0% - 60%
2 - 0% - 40%
Last Minute Offensive  - 0:00
Last Minute Defensive  - 0:07
Total
Forward - 60:00
Defense - 60:00

Play-by-Play

1st period


0:01 of 1st period - Nazem Kadri wins face-off versus Tyler Johnson in neutral zone.
1:01 of 1st period - Wrist shot by Jaden Schwartz.
1:01 of 1st period - Stopped by Maxime Daigneault without a rebound.
1:02 of 1st period - Mark Scheifele wins face-off versus Ramzi Abid in Coyotes zone.
1:33 of 1st period - Slapshot by Kris Versteeg.
1:33 of 1st period - Stopped by Maxime Daigneault with a rebound.
1:46 of 1st period - Icing by Tyler Johnson.
1:47 of 1st period - Brad Richards wins face-off versus Mikael Backlund in Lightning zone.
2:02 of 1st period - Wrist shot by Zach Parise.
2:02 of 1st period - Stopped by Philipp Grubauer without a rebound.
2:03 of 1st period - Nazem Kadri wins face-off versus Tyler Johnson in Lightning zone.
2:04 of 1st period - Wrist shot by Tyler Ennis.
2:04 of 1st period - Stopped by Philipp Grubauer without a rebound.
2:05 of 1st period - Tyler Johnson wins face-off versus Nazem Kadri in Lightning zone.
2:39 of 1st period - Off-side.
2:40 of 1st period - Mark Scheifele wins face-off versus Brad Richards in neutral zone.
2:43 of 1st period - Snap shot by Mark Scheifele.
2:43 of 1st period - Stopped by Maxime Daigneault without a rebound.
2:44 of 1st period - Jean-Gabriel Pageau wins face-off versus Brad Richards in Coyotes zone.
2:58 of 1st period - Snap shot by Brad Richards.
2:58 of 1st period - Stopped by Philipp Grubauer without a rebound.
2:59 of 1st period - Nazem Kadri wins face-off versus Tyler Johnson in Lightning zone.
3:26 of 1st period - Evgeny Artyukhin is hit by Jon Merrill and loses puck.
3:52 of 1st period - Wrist shot by Mikael Backlund.
3:52 of 1st period - Stopped by Maxime Daigneault without a rebound.
3:53 of 1st period - Nazem Kadri wins face-off versus Mikael Backlund in Coyotes zone.
4:08 of 1st period - Snap shot by Mikael Backlund.
4:08 of 1st period - Shot Misses the Net.
4:10 of 1st period - Slapshot by Ben Lovejoy.
4:10 of 1st period - Stopped by Maxime Daigneault with a rebound.
4:12 of 1st period - Snap shot by Scottie Upshall.
4:12 of 1st period - Stopped by Maxime Daigneault with a rebound.
4:14 of 1st period - Wrist shot by Scottie Upshall.
4:14 of 1st period - Shot Misses the Net.
4:52 of 1st period - Anton Stralman is hit by Darren Helm and loses puck.
5:19 of 1st period - Slapshot by Tyler Ennis.
5:19 of 1st period - Stopped by Philipp Grubauer with a rebound.
5:21 of 1st period - Slapshot by Josh Gorges.
5:21 of 1st period - Shot Blocked by Ben Lovejoy.
5:23 of 1st period - Slapshot by Josh Gorges.
5:23 of 1st period - Deflect By Ben Lovejoy.
5:23 of 1st period - Stopped by Philipp Grubauer with a rebound.
5:25 of 1st period - Slapshot by Nazem Kadri.
5:25 of 1st period - Shot Misses the Net.
5:27 of 1st period - Slapshot by Tyler Ennis.
5:27 of 1st period - Shot Misses the Net.
5:29 of 1st period - Wrist shot by Josh Gorges.
5:29 of 1st period - Deflect By Ben Lovejoy.
5:29 of 1st period - Stopped by Philipp Grubauer with a rebound.
6:18 of 1st period - Slapshot by Michael Del Zotto.
6:18 of 1st period - Stopped by Philipp Grubauer with a rebound.
6:20 of 1st period - Wrist shot by Michael Del Zotto.
6:20 of 1st period - Shot Blocked by Mikael Backlund.
6:28 of 1st period - Slapshot by Nazem Kadri.
6:28 of 1st period - Deflect By Ben Lovejoy.
6:28 of 1st period - Shot Blocked by Justin Schultz.
6:28 of 1st period - Puck is out of play.
6:29 of 1st period - Tyler Johnson wins face-off versus Brad Richards in Lightning zone.
7:34 of 1st period - Henrik Zetterberg is hit by Jamie Arniel and loses puck.
8:15 of 1st period - Daniel Carcillo is hit by Kristopher Letang and loses puck.
9:20 of 1st period - Icing by Patrick Kaleta.
9:21 of 1st period - Jean-Gabriel Pageau wins face-off versus Jamie Arniel in Lightning zone.
12:03 of 1st period - Marian Gaborik is hit by Kris Versteeg and loses puck.
12:29 of 1st period - Nazem Kadri is hit by Patrick Kaleta and loses puck.
12:48 of 1st period - Evgeny Artyukhin is hit by Henrik Zetterberg and loses puck.
14:07 of 1st period - Reilly Smith is hit by Josh Gorges and loses puck.
15:27 of 1st period - Tyler Ennis is hit by Kris Versteeg and loses puck.
15:40 of 1st period - Brad Richards is hit by Jean-Gabriel Pageau and loses puck.
15:48 of 1st period - Icing by Thomas Hickey.
15:49 of 1st period - Brad Richards wins face-off versus Jean-Gabriel Pageau in Coyotes zone.
16:04 of 1st period - Wrist shot by Jean-Gabriel Pageau.
16:04 of 1st period - Stopped by Maxime Daigneault without a rebound.
16:05 of 1st period - Tyler Johnson wins face-off versus Nazem Kadri in Coyotes zone.
16:33 of 1st period - Off-side.
16:34 of 1st period - Jean-Gabriel Pageau wins face-off versus Eric Tangradi in neutral zone.
16:45 of 1st period - Snap shot by Jamie Arniel.
16:45 of 1st period - Stopped by Philipp Grubauer without a rebound.
16:46 of 1st period - Henrik Zetterberg wins face-off versus Nazem Kadri in Lightning zone.
16:50 of 1st period - Off-side.
16:51 of 1st period - Tyler Johnson wins face-off versus Nazem Kadri in neutral zone.
17:02 of 1st period - Snap shot by Kris Versteeg.
17:02 of 1st period - Deflect By Henrik Zetterberg.
17:02 of 1st period - Stopped by Maxime Daigneault with a rebound.
17:34 of 1st period - Wrist shot by Tyler Johnson.
17:34 of 1st period - Stopped by Maxime Daigneault without a rebound.
17:35 of 1st period - Jean-Gabriel Pageau wins face-off versus Brad Richards in Coyotes zone.
17:38 of 1st period - Snap shot by Daniel Carcillo.
17:38 of 1st period - Stopped by Maxime Daigneault with a rebound.
17:40 of 1st period - Slapshot by Justin Schultz.
17:40 of 1st period - Stopped by Maxime Daigneault with a rebound.
17:42 of 1st period - Snap shot by Justin Schultz.
17:42 of 1st period - Stopped by Maxime Daigneault with a rebound.
17:44 of 1st period - Slapshot by Ben Lovejoy.
17:44 of 1st period - Stopped by Maxime Daigneault without a rebound.
17:45 of 1st period - Jean-Gabriel Pageau wins face-off versus Brad Richards in Coyotes zone.
18:55 of 1st period - Wrist shot by Brad Richards.
18:55 of 1st period - Stopped by Philipp Grubauer with a rebound.
19:29 of 1st period - Slapshot by Michael Del Zotto.
19:29 of 1st period - Deflect By Chris Stewart.
19:29 of 1st period - Stopped by Philipp Grubauer with a rebound.
19:35 of 1st period - Snap shot by Chris Stewart.
19:35 of 1st period - Stopped by Philipp Grubauer without a rebound.
19:36 of 1st period - Nazem Kadri wins face-off versus Tyler Johnson in Lightning zone.
19:43 of 1st period - Slapshot by Nazem Kadri.
19:43 of 1st period - Stopped by Philipp Grubauer without a rebound.
19:44 of 1st period - Tyler Johnson wins face-off versus Nazem Kadri in Lightning zone.
19:59 of 1st period - Snap shot by Marian Gaborik.
19:59 of 1st period - Shot Misses the Net.
Goals for this period are 0 for Lightning vs 0 for Coyotes.
Shots for this period are 13 for Lightning vs 12 for Coyotes.

2nd period


0:01 of 2nd period - Nazem Kadri wins face-off versus Tyler Johnson in neutral zone.
0:47 of 2nd period - Jamie Arniel is hit by Henrik Zetterberg and loses puck.
0:58 of 2nd period - Slapshot by Tyler Johnson.
0:58 of 2nd period - Stopped by Maxime Daigneault with a rebound.
1:59 of 2nd period - Slapshot by Michael Del Zotto.
1:59 of 2nd period - Deflect By Henrik Zetterberg.
1:59 of 2nd period - Stopped by Philipp Grubauer with a rebound.
2:01 of 2nd period - Slapshot by Michael Del Zotto.
2:01 of 2nd period - Shot Misses the Net.
2:03 of 2nd period - Wrist shot by Michael Del Zotto.
2:03 of 2nd period - Stopped by Philipp Grubauer without a rebound.
2:04 of 2nd period - Mark Scheifele wins face-off versus Nazem Kadri in Lightning zone.
2:20 of 2nd period - Snap shot by Mark Scheifele.
2:20 of 2nd period - Shot Blocked by Matt Donovan.
2:30 of 2nd period - Daniel Carcillo is hit by Matt Donovan and loses puck.
2:49 of 2nd period - Joni Pitkanen is hit by Marian Gaborik and loses puck.
3:00 of 2nd period - Minor Penalty to Mikael Backlund for Roughing.
3:01 of 2nd period - Jaden Schwartz wins face-off versus Nazem Kadri in Lightning zone.
3:26 of 2nd period - Michael Del Zotto is hit by Jean-Gabriel Pageau and loses puck.
3:37 of 2nd period - Snap shot by Chris Stewart.
3:37 of 2nd period - Shot Blocked by Jon Merrill.
5:00 of 2nd period - Penalty to Mikael Backlund is over, Mikael Backlund is back on ice.
5:17 of 2nd period - Mikael Backlund is hit by Eric Tangradi and loses puck.
5:32 of 2nd period - Reilly Smith is hit by Marian Gaborik and loses puck.
5:50 of 2nd period - Reilly Smith is hit by Evgeny Artyukhin and loses puck.
6:07 of 2nd period - Eric Tangradi is hit by Henrik Zetterberg.
7:19 of 2nd period - Jon Merrill is hit by Zach Parise and loses puck.
8:13 of 2nd period - Icing by Justin Schultz.
8:14 of 2nd period - Mikael Backlund wins face-off versus Brad Richards in Lightning zone.
8:56 of 2nd period - Jamie Arniel is hit by Henrik Zetterberg and loses puck.
9:17 of 2nd period - Slapshot by Alex Goligoski.
9:17 of 2nd period - Shot Misses the Net.
9:41 of 2nd period - Off-side.
9:42 of 2nd period - Jamie Arniel wins face-off versus Jean-Gabriel Pageau in neutral zone.
10:45 of 2nd period - Wrist shot by Mark Scheifele.
10:45 of 2nd period - Stopped by Maxime Daigneault without a rebound.
10:46 of 2nd period - Jean-Gabriel Pageau wins face-off versus Jamie Arniel in Coyotes zone.
11:11 of 2nd period - Joni Pitkanen is hit by Marian Gaborik.
11:32 of 2nd period - Snap shot by Chris Stewart.
11:32 of 2nd period - Shot Misses the Net.
11:34 of 2nd period - Wrist shot by Josh Gorges.
11:34 of 2nd period - Shot Misses the Net.
12:08 of 2nd period - Wrist shot by Zach Parise.
12:08 of 2nd period - Shot Misses the Net.
12:10 of 2nd period - Wrist shot by Zach Parise.
12:10 of 2nd period - Shot Blocked by Reilly Smith.
12:12 of 2nd period - Slapshot by Michael Del Zotto.
12:12 of 2nd period - Shot Blocked by Jaden Schwartz.
12:14 of 2nd period - Slapshot by Chris Stewart.
12:14 of 2nd period - Shot Misses the Net.
13:01 of 2nd period - Off-side.
13:02 of 2nd period - Tyler Johnson wins face-off versus Marian Gaborik in neutral zone.
14:41 of 2nd period - Nazem Kadri is hit by Darren Helm and loses puck.
15:12 of 2nd period - Ramzi Abid is hit by Jon Merrill and loses puck.
15:52 of 2nd period - Brad Richards is hit by Reilly Smith and loses puck.
16:31 of 2nd period - Anton Stralman is hit by Joni Pitkanen.
16:57 of 2nd period - Darren Helm is hit by Eric Tangradi and loses puck.
17:10 of 2nd period - Slapshot by Matt Donovan.
17:10 of 2nd period - Shot Misses the Net.
17:29 of 2nd period - Minor Penalty to Patrick Kaleta for Slashing.
17:30 of 2nd period - Kris Versteeg wins face-off versus Nazem Kadri in Lightning zone.
17:30 of 2nd period - Kris Versteeg is hit by Tyler Ennis.
18:05 of 2nd period - Wrist shot by Daniel Carcillo.
18:05 of 2nd period - Goal by Daniel Carcillo - Lightning : 1 - Coyotes : 0.
18:06 of 2nd period - Nazem Kadri wins face-off versus Kris Versteeg in neutral zone.
18:11 of 2nd period - Slapshot by Kristopher Letang.
18:11 of 2nd period - Shot Misses the Net.
18:13 of 2nd period - Slapshot by Marian Gaborik.
18:13 of 2nd period - Deflect By Nazem Kadri.
18:13 of 2nd period - Shot Misses the Net.
18:13 of 2nd period - Puck is out of play.
18:14 of 2nd period - Kris Versteeg wins face-off versus Tyler Ennis in Lightning zone.
19:04 of 2nd period - Wrist shot by Nazem Kadri.
19:04 of 2nd period - Deflect By Marian Gaborik.
19:04 of 2nd period - Shot Misses the Net.
19:04 of 2nd period - Puck is out of play.
19:05 of 2nd period - Kris Versteeg wins face-off versus Brad Richards in Lightning zone.
19:22 of 2nd period - Snap shot by Henrik Zetterberg.
19:22 of 2nd period - Shot Misses the Net.
19:29 of 2nd period - Penalty to Patrick Kaleta is over, Patrick Kaleta is back on ice.
19:36 of 2nd period - Slapshot by Matt Donovan.
19:36 of 2nd period - Stopped by Philipp Grubauer with a rebound.
19:38 of 2nd period - Snap shot by Evgeny Artyukhin.
19:38 of 2nd period - Shot Blocked by Ben Lovejoy.
19:42 of 2nd period - Slapshot by Eric Tangradi.
19:42 of 2nd period - Stopped by Philipp Grubauer with a rebound.
19:44 of 2nd period - Snap shot by Matt Donovan.
19:44 of 2nd period - Shot Blocked by Henrik Zetterberg.
Goals for this period are 1 for Lightning vs 0 for Coyotes.
Shots for this period are 3 for Lightning vs 4 for Coyotes.

3rd period


0:01 of 3rd period - Nazem Kadri wins face-off versus Tyler Johnson in neutral zone.
0:42 of 3rd period - Snap shot by Kris Versteeg.
0:42 of 3rd period - Stopped by Maxime Daigneault without a rebound.
0:43 of 3rd period - Brad Richards wins face-off versus Jean-Gabriel Pageau in Coyotes zone.
0:56 of 3rd period - Slapshot by Thomas Hickey.
0:56 of 3rd period - Deflect By Chris Stewart.
0:56 of 3rd period - Shot Misses the Net.
0:56 of 3rd period - Puck is out of play.
0:57 of 3rd period - Jean-Gabriel Pageau wins face-off versus Brad Richards in Lightning zone.
2:09 of 3rd period - Zach Parise is hit by Mikael Backlund and loses puck.
2:56 of 3rd period - Alex Goligoski is hit by Eric Tangradi and loses puck.
3:14 of 3rd period - Icing by Josh Gorges.
3:15 of 3rd period - Brad Richards wins face-off versus Tyler Johnson in Coyotes zone.
3:20 of 3rd period - Brad Richards is hit by Kris Versteeg and loses puck.
3:54 of 3rd period - Minor Penalty to Daniel Carcillo for Holding.
3:55 of 3rd period - Marian Gaborik wins face-off versus Kris Versteeg in Lightning zone.
3:56 of 3rd period - Wrist shot by Nazem Kadri.
3:56 of 3rd period - Goal by Nazem Kadri - Lightning : 1 - Coyotes : 1.
3:57 of 3rd period - Tyler Johnson wins face-off versus Nazem Kadri in neutral zone.
4:02 of 3rd period - Snap shot by Henrik Zetterberg.
4:02 of 3rd period - Shot Misses the Net.
4:04 of 3rd period - Snap shot by Tyler Johnson.
4:04 of 3rd period - Shot Misses the Net.
4:24 of 3rd period - Patrick Kaleta is hit by Kristopher Letang and loses puck.
4:31 of 3rd period - Snap shot by Brad Richards.
4:31 of 3rd period - Shot Misses the Net.
4:33 of 3rd period - Slapshot by Thomas Hickey.
4:33 of 3rd period - Stopped by Philipp Grubauer with a rebound.
4:51 of 3rd period - Mark Scheifele is hit by Jamie Arniel and loses puck.
5:41 of 3rd period - Slapshot by Daniel Carcillo.
5:41 of 3rd period - Shot Misses the Net.
5:51 of 3rd period - Wrist shot by Jean-Gabriel Pageau.
5:51 of 3rd period - Stopped by Maxime Daigneault without a rebound.
5:52 of 3rd period - Eric Tangradi wins face-off versus Tyler Johnson in Coyotes zone.
6:05 of 3rd period - Snap shot by Jamie Arniel.
6:05 of 3rd period - Stopped by Philipp Grubauer with a rebound.
6:07 of 3rd period - Snap shot by Evgeny Artyukhin.
6:07 of 3rd period - Goal by Evgeny Artyukhin - Lightning : 1 - Coyotes : 2.
6:08 of 3rd period - Marian Gaborik wins face-off versus Tyler Johnson in neutral zone.
6:24 of 3rd period - Snap shot by Tyler Ennis.
6:24 of 3rd period - Stopped by Philipp Grubauer with a rebound.
6:34 of 3rd period - Alex Goligoski is hit by Brad Richards and loses puck.
7:02 of 3rd period - Josh Gorges is hit by Jaden Schwartz and loses puck.
8:27 of 3rd period - Wrist shot by Zach Parise.
8:27 of 3rd period - Shot Misses the Net.
9:15 of 3rd period - Eric Tangradi is hit by Jean-Gabriel Pageau and loses puck.
9:36 of 3rd period - Wrist shot by Marian Gaborik.
9:36 of 3rd period - Stopped by Philipp Grubauer without a rebound.
9:37 of 3rd period - Nick Bonino wins face-off versus Mark Scheifele in Lightning zone.
10:03 of 3rd period - Minor Penalty to Zach Parise for Roughing.
10:04 of 3rd period - Jamie Arniel wins face-off versus Tyler Johnson in Coyotes zone.
12:03 of 3rd period - Penalty to Zach Parise is over, Zach Parise is back on ice.
12:08 of 3rd period - Off-side.
12:09 of 3rd period - Mark Scheifele wins face-off versus Nazem Kadri in neutral zone.
12:44 of 3rd period - Slapshot by Kristopher Letang.
12:44 of 3rd period - Shot Misses the Net.
12:46 of 3rd period - Snap shot by Zach Parise.
12:46 of 3rd period - Stopped by Philipp Grubauer with a rebound.
13:15 of 3rd period - Ben Lovejoy is hit by Marian Gaborik.
13:29 of 3rd period - Snap shot by Jean-Gabriel Pageau.
13:29 of 3rd period - Shot Blocked by Matt Donovan.
13:43 of 3rd period - Alex Goligoski is hit by Chris Stewart and loses puck.
14:36 of 3rd period - Slapshot by Rasmus Ristolainen.
14:36 of 3rd period - Shot Blocked by Andrew MacDonald.
14:54 of 3rd period - Snap shot by Tyler Johnson.
14:54 of 3rd period - Shot Misses the Net.
15:00 of 3rd period - Kristopher Letang is hit by Henrik Zetterberg.
15:38 of 3rd period - Josh Gorges is hit by Rasmus Ristolainen and loses puck.
15:45 of 3rd period - Wrist shot by Daniel Carcillo.
15:45 of 3rd period - Stopped by Maxime Daigneault with a rebound.
15:47 of 3rd period - Wrist shot by Jean-Gabriel Pageau.
15:47 of 3rd period - Shot Misses the Net.
16:15 of 3rd period - Chris Stewart is hit by Alex Goligoski and loses puck.
16:20 of 3rd period - Slapshot by Justin Schultz.
16:20 of 3rd period - Shot Blocked by Josh Gorges.
16:22 of 3rd period - Snap shot by Justin Schultz.
16:22 of 3rd period - Shot Blocked by Brad Richards.
16:34 of 3rd period - Patrick Kaleta is hit by Marian Gaborik and loses puck.
16:47 of 3rd period - Snap shot by Jaden Schwartz.
16:47 of 3rd period - Shot Misses the Net.
16:49 of 3rd period - Snap shot by Justin Schultz.
16:49 of 3rd period - Shot Misses the Net.
16:51 of 3rd period - Snap shot by Jaden Schwartz.
16:51 of 3rd period - Shot Blocked by Chris Stewart.
16:53 of 3rd period - Snap shot by Ben Lovejoy.
16:53 of 3rd period - Shot Misses the Net.
16:55 of 3rd period - Slapshot by Justin Schultz.
16:55 of 3rd period - Shot Hit the Post.
16:57 of 3rd period - Snap shot by Jaden Schwartz.
16:57 of 3rd period - Shot Misses the Net.
16:59 of 3rd period - Wrist shot by Ben Lovejoy.
16:59 of 3rd period - Deflect By Jaden Schwartz.
16:59 of 3rd period - Stopped by Maxime Daigneault without a rebound.
17:00 of 3rd period - Tyler Johnson wins face-off versus Nazem Kadri in Coyotes zone.
17:05 of 3rd period - Snap shot by Kris Versteeg.
17:05 of 3rd period - Shot Misses the Net.
17:30 of 3rd period - Ben Lovejoy is hit by Matt Donovan and loses puck.
17:53 of 3rd period - Marian Gaborik is hit by Alex Goligoski and loses puck.
18:10 of 3rd period - Andrew MacDonald is hit by Kris Versteeg and loses puck.
18:48 of 3rd period - Tyler Ennis is hit by Jaden Schwartz and loses puck.
18:51 of 3rd period - Lightning , Philipp Grubauer is pulled from the net.
19:07 of 3rd period - Snap shot by Brad Richards.
19:07 of 3rd period - Goal by Brad Richards - Lightning : 1 - Coyotes : 3.
19:07 of 3rd period - Philipp Grubauer from Lightning was sent back in the game.
19:08 of 3rd period - Mark Scheifele wins face-off versus Nazem Kadri in neutral zone.
19:25 of 3rd period - Slapshot by Reilly Smith.
19:25 of 3rd period - Shot Misses the Net.
19:39 of 3rd period - Slapshot by Daniel Carcillo.
19:39 of 3rd period - Stopped by Maxime Daigneault with a rebound.
19:41 of 3rd period - Wrist shot by Joni Pitkanen.
19:41 of 3rd period - Shot Blocked by Anton Stralman.
19:43 of 3rd period - Snap shot by Daniel Carcillo.
19:43 of 3rd period - Stopped by Maxime Daigneault without a rebound.
19:44 of 3rd period - Nazem Kadri wins face-off versus Jean-Gabriel Pageau in Coyotes zone.
Goals for this period are 0 for Lightning vs 3 for Coyotes.
Shots for this period are 6 for Lightning vs 8 for Coyotes.